[ PARTIDA AOE2 · #470897619 ]
1v1 RMIndostaníes vs Khmer
Equipo del jugador · VICT
Equipo rival · DERR
[ ANÁLISIS DE REPETICIÓN · EXTRAÍDO DE LA PARTIDA GRABADA ]
Feudal
9:59
Castillos
27:40
Imperial
—
| APM promedio | 31.8 |
| APM pico | 61 |
| eAPM promedio | 16.6 |
| Aldeanos / militares | 51 / 48 |
Foco
⚔️ 25.3% · 🌾 74.7%
Scout Cavalry ×40 · Spearman ×6 · Militia ×2
Feudal
12:35
Castillos
—
Imperial
—
| APM promedio | 37.8 |
| APM pico | 79 |
| eAPM promedio | 19.6 |
| Aldeanos / militares | 58 / 21 |
Foco
⚔️ 18.9% · 🌾 81.1%
Scout Cavalry ×21
Mapa de la partida
Recursos iniciales + cada clic de construcción. Líneas = muros · curvas = relieve. ◆ oro · ⬟ piedra · ● bayas · ✦ reliquia · ◌ hueco del cierre
Tu base· Abierta — flanco sin cerrar
Base de agahgenc· Abierta — flanco sin cerrar
Terreno inicial suavizado · ◌ = hueco del cierre detectado · pasá el cursor para detalles
Inputs por minuto
— VeteranRonin - - agahgenc
Build order — VeteranRonin
Primeras 150 de 159 acciones detectadas
| 0:00 | Crear | Villager (Male) |
| 0:01 | Crear | Villager (Male) |
| 0:01 | Crear | Villager (Male) |
| 0:01 | Crear | Villager (Male) |
| 0:02 | Crear | Villager (Male) |
| 0:03 | Construir | House |
| 0:06 | Construir | House |
| 0:44 | Investigar | Loom |
| 0:51 | Crear | Villager (Male) |
| 1:45 | Crear | Villager (Male) |
| 1:46 | Crear | Villager (Male) |
| 1:46 | Crear | Villager (Male) |
| 2:33 | Crear | Villager (Male) |
| 2:34 | Crear | Villager (Male) |
| 2:50 | Crear | Villager (Male) |
| 3:15 | Crear | Villager (Male) |
| 3:22 | Crear | Villager (Male) |
| 3:23 | Crear | Villager (Male) |
| 4:14 | Crear | Villager (Male) |
| 4:19 | Construir | House |
| 4:35 | Crear | Villager (Male) |
| 4:38 | Crear | Villager (Male) |
| 4:48 | Construir | House |
| 4:53 | Construir | Mill |
| 5:12 | Crear | Villager (Male) |
| 5:47 | Crear | Villager (Male) |
| 6:21 | Crear | Villager (Male) |
| 6:44 | Crear | Villager (Male) |
| 7:05 | Construir | Lumber Camp |
| 7:24 | Crear | Villager (Male) |
| 7:48 | Investigar | Feudal Age |
| 7:48 | Investigar | Feudal Age |
| 8:24 | Construir | Barracks |
| 8:41 | Construir | House |
| 9:10 | Crear | Villager (Male) |
| 9:22 | Crear | Militia |
| 9:22 | Crear | Militia |
| 9:44 | Construir | House |
| 9:59 | Edad | Edad Feudal |
| 10:02 | Crear | Villager (Male) |
| 10:12 | Construir | Stable |
| 10:37 | Crear | Villager (Male) |
| 10:44 | Investigar | Double-Bit Axe |
| 10:48 | Crear | Villager (Male) |
| 11:00 | Crear | Scout Cavalry |
| 11:01 | Crear | Scout Cavalry |
| 11:01 | Crear | Scout Cavalry |
| 11:01 | Crear | Scout Cavalry |
| 11:02 | Crear | Scout Cavalry |
| 11:44 | Crear | Scout Cavalry |
| 11:45 | Crear | Villager (Male) |
| 11:46 | Crear | Villager (Male) |
| 11:49 | Construir | Farm |
| 11:51 | Construir | Farm |
| 11:52 | Construir | Farm |
| 12:01 | Construir | Farm |
| 12:26 | Construir | Lumber Camp |
| 12:31 | Crear | Villager (Male) |
| 12:31 | Crear | Villager (Male) |
| 13:38 | Crear | Scout Cavalry |
| 13:38 | Crear | Scout Cavalry |
| 13:50 | Crear | Villager (Male) |
| 13:51 | Crear | Villager (Male) |
| 13:51 | Crear | Villager (Male) |
| 14:04 | Construir | Farm |
| 14:05 | Construir | Farm |
| 14:17 | Construir | House |
| 14:18 | Construir | House |
| 14:20 | Construir | House |
| 14:25 | Construir | Farm |
| 14:27 | Crear | Villager (Male) |
| 14:57 | Crear | Scout Cavalry |
| 14:58 | Crear | Scout Cavalry |
| 15:08 | Construir | Farm |
| 15:10 | Construir | Farm |
| 15:12 | Construir | Blacksmith |
| 15:32 | Crear | Scout Cavalry |
| 16:04 | Crear | Scout Cavalry |
| 16:05 | Crear | Scout Cavalry |
| 16:59 | Crear | Scout Cavalry |
| 17:00 | Crear | Scout Cavalry |
| 17:00 | Crear | Scout Cavalry |
| 17:12 | Crear | Villager (Male) |
| 17:12 | Crear | Villager (Male) |
| 17:15 | Construir | Mill |
| 17:17 | Construir | Farm |
| 17:21 | Construir | Farm |
| 17:22 | Construir | Farm |
| 17:26 | Construir | Market |
| 17:55 | Crear | Scout Cavalry |
| 17:55 | Crear | Scout Cavalry |
| 17:55 | Crear | Scout Cavalry |
| 17:56 | Crear | Scout Cavalry |
| 18:48 | Crear | Scout Cavalry |
| 18:49 | Crear | Scout Cavalry |
| 18:56 | Construir | Farm |
| 18:58 | Crear | Villager (Male) |
| 18:59 | Crear | Villager (Male) |
| 19:04 | Construir | Farm |
| 19:05 | Construir | Farm |
| 19:14 | Construir | Mining Camp |
| 19:41 | Crear | Villager (Male) |
| 19:42 | Crear | Villager (Male) |
| 19:49 | Crear | Scout Cavalry |
| 20:01 | Investigar | Forging |
| 20:24 | Crear | Scout Cavalry |
| 20:28 | Crear | Villager (Male) |
| 20:32 | Construir | Stable |
| 20:37 | Investigar | Gold Mining |
| 20:39 | Crear | Villager (Male) |
| 20:48 | Construir | Farm |
| 21:01 | Construir | Farm |
| 21:07 | Crear | Spearman |
| 21:07 | Crear | Spearman |
| 21:41 | Construir | Lumber Camp |
| 21:56 | Investigar | Scale Barding Armor |
| 22:26 | Crear | Scout Cavalry |
| 22:27 | Crear | Scout Cavalry |
| 22:27 | Crear | Scout Cavalry |
| 22:51 | Crear | Scout Cavalry |
| 22:51 | Crear | Scout Cavalry |
| 23:09 | Crear | Villager (Male) |
| 23:10 | Crear | Villager (Male) |
| 23:15 | Construir | Farm |
| 24:10 | Crear | Villager (Male) |
| 24:10 | Crear | Villager (Male) |
| 24:12 | Construir | Farm |
| 24:17 | Construir | Farm |
| 24:18 | Construir | Farm |
| 24:23 | Investigar | Horse Collar |
| 24:26 | Construir | Farm |
| 24:50 | Investigar | Castle Age |
| 24:50 | Investigar | Castle Age |
| 25:16 | Crear | Spearman |
| 25:26 | Investigar | Bloodlines |
| 25:30 | Crear | Scout Cavalry |
| 25:30 | Crear | Scout Cavalry |
| 25:50 | Crear | Scout Cavalry |
| 25:50 | Crear | Scout Cavalry |
| 25:50 | Crear | Scout Cavalry |
| 25:59 | Crear | Scout Cavalry |
| 25:59 | Crear | Scout Cavalry |
| 26:04 | Crear | Spearman |
| 26:17 | Construir | Stable |
| 26:23 | Crear | Scout Cavalry |
| 26:23 | Crear | Scout Cavalry |
| 26:35 | Crear | Spearman |
| 26:39 | Construir | House |
| 26:42 | Construir | Palisade Wall |
| 26:51 | Construir | House |
Build order — agahgenc
118 acciones detectadas en el replay
| 0:01 | Crear | Villager (Male) |
| 0:02 | Crear | Villager (Male) |
| 0:03 | Construir | House |
| 0:04 | Crear | Villager (Male) |
| 0:04 | Crear | Villager (Male) |
| 0:04 | Crear | Villager (Male) |
| 0:09 | Investigar | Loom |
| 0:10 | Crear | Villager (Male) |
| 0:10 | Crear | Villager (Male) |
| 0:10 | Crear | Villager (Male) |
| 2:53 | Crear | Villager (Male) |
| 2:53 | Crear | Villager (Male) |
| 2:54 | Crear | Villager (Male) |
| 4:06 | Crear | Villager (Male) |
| 4:06 | Crear | Villager (Male) |
| 4:06 | Crear | Villager (Male) |
| 4:06 | Crear | Villager (Male) |
| 4:14 | Construir | House |
| 5:08 | Crear | Villager (Male) |
| 5:09 | Crear | Villager (Male) |
| 5:09 | Crear | Villager (Male) |
| 5:09 | Crear | Villager (Male) |
| 5:37 | Crear | Villager (Male) |
| 5:46 | Crear | Villager (Male) |
| 5:46 | Crear | Villager (Male) |
| 6:01 | Construir | Lumber Camp |
| 6:17 | Crear | Villager (Male) |
| 6:17 | Crear | Villager (Male) |
| 6:17 | Crear | Villager (Male) |
| 6:22 | Crear | Villager (Male) |
| 6:22 | Crear | Villager (Male) |
| 6:41 | Construir | House |
| 6:54 | Crear | Villager (Male) |
| 7:16 | Crear | Villager (Male) |
| 7:16 | Crear | Villager (Male) |
| 7:34 | Crear | Villager (Male) |
| 7:34 | Crear | Villager (Male) |
| 7:38 | Construir | House |
| 8:09 | Crear | Villager (Male) |
| 8:19 | Construir | Mill |
| 8:21 | Crear | Villager (Male) |
| 8:34 | Crear | Villager (Male) |
| 8:52 | Crear | Villager (Male) |
| 8:55 | Crear | Villager (Male) |
| 9:30 | Crear | Villager (Male) |
| 9:54 | Crear | Villager (Male) |
| 10:18 | Construir | Farm |
| 10:25 | Investigar | Feudal Age |
| 10:25 | Investigar | Feudal Age |
| 10:25 | Investigar | Feudal Age |
| 11:09 | Construir | Farm |
| 11:51 | Crear | Villager (Male) |
| 12:11 | Construir | Farm |
| 12:11 | Construir | Farm |
| 12:12 | Construir | Farm |
| 12:12 | Construir | Farm |
| 12:12 | Construir | Farm |
| 12:13 | Construir | Farm |
| 12:13 | Construir | Farm |
| 12:13 | Construir | Farm |
| 12:15 | Crear | Villager (Male) |
| 12:17 | Crear | Villager (Male) |
| 12:35 | Edad | Edad Feudal |
| 12:36 | Construir | Farm |
| 12:38 | Construir | House |
| 13:00 | Construir | Palisade Wall |
| 13:01 | Construir | Palisade Wall |
| 13:05 | Construir | Palisade Wall |
| 13:29 | Construir | Palisade Wall |
| 14:19 | Construir | Stable |
| 14:21 | Crear | Villager (Male) |
| 14:24 | Construir | Farm |
| 14:25 | Crear | Villager (Male) |
| 14:55 | Crear | Scout Cavalry |
| 14:55 | Crear | Scout Cavalry |
| 14:55 | Crear | Scout Cavalry |
| 15:32 | Construir | House |
| 16:00 | Construir | House |
| 17:17 | Construir | Farm |
| 17:25 | Construir | House |
| 19:00 | Crear | Scout Cavalry ×5 |
| 20:31 | Construir | Lumber Camp |
| 21:14 | Crear | Villager (Male) |
| 21:15 | Crear | Villager (Male) |
| 21:15 | Crear | Villager (Male) |
| 22:00 | Crear | Scout Cavalry |
| 22:00 | Crear | Scout Cavalry |
| 22:01 | Crear | Scout Cavalry |
| 22:20 | Crear | Scout Cavalry |
| 23:00 | Crear | Scout Cavalry |
| 23:00 | Crear | Scout Cavalry |
| 23:09 | Crear | Villager (Male) |
| 23:10 | Crear | Villager (Male) |
| 23:12 | Crear | Scout Cavalry |
| 23:12 | Crear | Scout Cavalry |
| 23:38 | Crear | Scout Cavalry |
| 23:39 | Crear | Scout Cavalry |
| 24:29 | Crear | Scout Cavalry |
| 24:31 | Crear | Villager (Male) |
| 24:32 | Crear | Villager (Male) |
| 24:32 | Crear | Villager (Male) |
| 24:46 | Crear | Villager (Male) |
| 25:17 | Crear | Villager (Male) |
| 25:23 | Crear | Villager (Male) |
| 25:27 | Construir | Farm |
| 25:27 | Construir | Farm |
| 25:28 | Construir | Farm |
| 25:28 | Construir | Farm |
| 25:28 | Construir | Farm |
| 25:32 | Construir | Farm |
| 25:33 | Crear | Villager (Male) |
| 25:53 | Crear | Villager (Male) |
| 26:53 | Construir | Farm |
| 26:54 | Construir | Farm |
| 26:55 | Crear | Villager (Male) |
| 27:09 | Crear | Scout Cavalry |
| 27:09 | Crear | Scout Cavalry |
| 27:12 | Construir | House |
Cronología de la partida
| 8:24 | VeteranRonin · first_building Barracks |
| 9:59 | VeteranRonin · age_up feudal |
| 10:12 | VeteranRonin · first_building Stable |
| 12:35 | agahgenc · age_up feudal |
| 13:00 | agahgenc · wall_segment Palisade Wall x1 |
| 13:01 | agahgenc · wall_segment Palisade Wall x1 |
| 13:05 | agahgenc · wall_segment Palisade Wall x1 |
| 13:29 | agahgenc · wall_segment Palisade Wall x1 |
| 14:19 | agahgenc · first_building Stable |
| 19:55 | VeteranRonin · first_market_sell 100 wood |
| 19:57 | VeteranRonin · first_market_buy 100 food |
| 26:42 | VeteranRonin · wall_segment Palisade Wall x1 |
| 27:40 | VeteranRonin · age_up castle |
| 28:26 | agahgenc · resign |
[ ANÁLISIS IA · 1 CRÉDITO ]
¿Qué pasó realmente en esta partida?
Wolo.gg analiza cada decisión: build order, eco, micro, errores típicos por bracket. Análisis personalizado por WhatsApp o Discord en 30 segundos.
Guía civ
Indostaníes
Guía mapa
Border Dispute
Perfil
Jugador #2212809